 Dungeon Crawl Stone Soup version 0.30-a0-948-g4fa250aae5 (webtiles) character file.

Game seed: 7698169493549206677

1400 cforsyth the Shield-Bearer (level 9, -1/71 HPs)
             Began as a Formicid Fighter on Mar 26, 2023.
             Was an Initiate of Okawaru.
             Slain by an ogre
             ... wielding a +0 giant club
              (29 damage)
             ... on level 7 of the Dungeon.
             The game lasted 00:08:23 (6278 turns).

cforsyth the Shield-Bearer (Formicid Fighter)       Turns: 6278, Time: 00:08:23

Health: -1/71      AC: 12    Str: 24    XL:     9   Next: 1%
Magic:  9/9        EV:  8    Int:  9    God:    Okawaru [......]
Gold:   603        SH:  6    Dex: 13    Spells: 8/8 levels left

rFire   . . .      SeeInvis +    a - +0 war axe
rCold   . . .      Faith    .    c - +0 buckler
rNeg    . . .      Spirit   .    o - +0 chain mail
rPois   .          Reflect  .    (helmet unavailable)
rElec   .          Rampage  .    (no cloak)
rCorr   .                        n - +1 pair of gloves
Will    .....                    (no boots) Stlth
                                 (no amulet)
HPRegen 0.31/turn                (no ring)
MPRegen 0.11/turn                (no ring)

@: no status effects
A: permanent stasis, dig shafts and tunnels, antennae 3, four strong arms
a: Dig, Shaft Self, Renounce Religion


You were on level 7 of the Dungeon.
You worshipped Okawaru.
Okawaru was noncommittal.
You visited 2 branches of the dungeon, and saw 8 of its levels.
You also visited: Ossuary.

You collected 603 gold pieces.

Inventory:

Hand Weapons
 a - a +0 war axe (weapon)
Armour
 b - a +0 scale mail
 c - a +0 buckler (worn)
 n - a +1 pair of gloves (worn)
 o - a +0 chain mail (worn)
Jewellery
 k - an amulet of reflection
Wands
 p - a wand of paralysis (9)
Scrolls
 f - a scroll of silence {unknown}
 g - a scroll of fog {unknown}
 i - 4 scrolls of fear
 l - a scroll of amnesia
 t - a scroll of noise {unknown}
 w - 2 scrolls of enchant armour {unknown}
Potions
 d - a potion of attraction
 e - a potion of lignification
 h - 4 potions of curing
 j - 4 potions of heal wounds
 m - a potion of invisibility
 q - a potion of ambrosia
 r - 3 potions of might
 s - a potion of mutation
 u - a potion of magic {unknown}
 v - 2 potions of brilliance


   Skills:
 + Level 6.4 Fighting
 + Level 5.5 Axes
 + Level 6.5 Armour
 + Level 7.8 Shields
 + Level 1.0 Invocations


You had 8 spell levels left.
You didn't know any spells.
Your spell library contained the following spells:

 Spells                   Type           Power      Damage    Failure   Level
 Dazzling Flash           Conj/Hex       0%         N/A       100%        3
 Ozocubu's Armour         Ice            0%         N/A       100%        3
 Iskenderun's Mystic Bla  Conj/Tloc      0%         2d3       100%        4
 Manifold Assault         Tloc           0%         N/A       100%        4
 Dispersal                Tloc           0%         N/A       100%        6
 Starburst                Conj/Fire      0%         6d3       100%        6
 Ozocubu's Refrigeration  Ice            0%         4d7       100%        7
 Disjunction              Tloc           0%         N/A       100%        8


Dungeon Overview and Level Annotations

Branches:
Dungeon (7/15)             Temple (1/1) D:6         Ossuary (visited)

Altars:
Dithmenos
Elyvilon
Fedhas
Gozag
Hepliaklqana
Nemelex Xobeh
Okawaru
Qazlal
Ru
Sif Muna
Vehumet
Wu Jian
Zin

Shops:
D:2 *   D:4 (=![


Innate Abilities, Weirdness & Mutations

You cannot be hasted, slowed, berserked, paralysed or teleported.
You can dig through walls and to a lower floor.
You have a pair of large antennae on your head. (SInv)
Your four strong arms can wield two-handed weapons with a shield.


Message History

You see here a +0 halberd.
You hear the faint creaking of a very distant portcullis.
You open the door.
Found 6 atropa-tipped darts.
Found 16 gold pieces.
You open the door.
There is an open door here.
You open the door.
There is an open door here.
Found a whip.
You hear the faint creaking of a portcullis nearby.
You open the door.
An ogre comes into view. It is wielding a +0 giant club.
The ogre shouts!
You hear a shout!
The ogre moves out of view.
A kobold comes into view. It is wielding a +0 dagger.
The kobold shouts!
The ogre barely misses you.
There is an open door here.
You slash the ogre!
The ogre is moderately wounded.
A kobold comes into view. It is wielding a +0 whip.
The ogre hits you with a +0 giant club!!
You are too injured to fight recklessly!
You are too injured to fight recklessly!
You are too injured to fight recklessly!
You are too injured to fight recklessly!
You are too injured to fight recklessly!
You are too injured to fight recklessly!
You are too injured to fight recklessly!
You are too injured to fight recklessly!
You are too injured to fight recklessly!
You are too injured to fight recklessly!
You hit the ogre.
The ogre is heavily wounded.
A kobold brigand comes into view.
It is wielding a +0 club and quivering poisoned darts.
You slash the ogre!
The ogre is almost dead.
The ogre hits you with a +0 giant club!!
You die... ...###### #.##..###.##..## ...# KK.

..#............#
...# K....
#............+
...# { { ...
#...........##
...# {
..#####..##.....#
####
##K.###..########
#....#...# {
#...O#...#
#....@...+
##########


You could see a kobold brigand, an ogre and 2 kobolds.

Vanquished Creatures
  An ice beast (D:5)
  A black bear (D:6)
  3 ogres
  Blork the orc (D:6)
  A scorpion (D:5)
  A gnoll sergeant (D:6)
  2 hounds
  A jelly (D:6)
  2 orc priests
  A gnoll bouda (D:4)
  Terence (D:3)
  3 orc wizards
  4 iguanas
  9 mummies
  6 adders
  9 gnolls
  A white imp (D:6)
  2 ufetubi
  2 worms
  4 dart slugs
  14 orcs
  7 bats
  10 endoplasms
  2 giant cockroaches (D:1)
  5 gnoll zombies (Ossuary)
  7 goblins
  4 hobgoblins
  9 jackals
  6 kobolds
  2 quokkas (D:2)
  8 ball pythons
  4 frilled lizards
  2 hobgoblin zombies
  3 kobold zombies
  9 rats
147 creatures vanquished.

Notes
Turn   | Place    | Note
-------+----------+-------------------------------------------
     0 | D:1      | cforsyth the Formicid Fighter began the quest for the Orb.
     0 | D:1      | Reached XP level 1. HP: 18/18 MP: 1/1
    83 | D:1      | Reached XP level 2. HP: 24/24 MP: 2/2
   273 | D:1      | Found a faded altar of an unknown god.
   525 | D:1      | Reached XP level 3. HP: 29/29 MP: 3/3
  1198 | D:2      | Reached XP level 4. HP: 37/37 MP: 4/4
  1367 | D:2      | Found a sacrificial altar of Ru.
  1542 | D:2      | Found Gigrent's General Store.
  2233 | D:3      | You fall into a shaft and drop 1 floor!
  2235 | D:4      | Found Ohum's Antique Armour Shop.
  2264 | D:4      | Reached XP level 5. HP: 42/42 MP: 5/5
  2280 | D:4      | Reached skill level 5 in Shields
  2429 | D:4      | Reached XP level 6. HP: 10/49 MP: 6/6
  2677 | D:4      | Found Honweofo's Jewellery Emporium.
  2744 | D:4      | Found Luunakik's Distillery.
  2761 | D:4      | Noticed an ogre
  2766 | D:4      | Killed an ogre
  2896 | D:4      | Found Hielig's Weapon Emporium.
  3154 | D:4      | Noticed an ogre
  3162 | D:4      | Killed an ogre
  3163 | D:4      | Reached skill level 5 in Armour
  3163 | D:4      | Reached skill level 6 in Shields
  3163 | D:4      | Reached XP level 7. HP: 35/55 MP: 7/7
  3334 | D:3      | Reached skill level 5 in Fighting
  3368 | D:3      | Noticed Terence
  3382 | D:3      | Killed Terence
  3781 | D:3      | Found a sacrificial altar of Ru.
  4169 | D:5      | Entered Level 5 of the Dungeon
  4270 | D:5      | Found a sand-covered staircase.
  4333 | Ossuary  | Entered an ossuary
  4811 | D:5      | Got the Folio of the Tundra
  4826 | D:5      | Reached XP level 8. HP: 61/63 MP: 8/8
  4968 | D:5      | Found a glowing silver altar of Zin.
  5054 | D:5      | Found an opulent altar of Gozag.
  5054 | D:5      | Found a sparkling altar of Nemelex Xobeh.
  5125 | D:5      | Reached skill level 7 in Shields
  5136 | D:5      | Found a white marble altar of Elyvilon.
  5384 | D:6      | Noticed Blork the orc
  5397 | D:6      | Killed Blork the orc
  5397 | D:6      | HP: 1/64 [white imp/puff of frost (4)]
  5687 | D:6      | Reached skill level 5 in Axes
  5845 | D:6      | Found a staircase to the Ecumenical Temple.
  5883 | Temple   | Entered the Ecumenical Temple
  5891 | Temple   | Became a worshipper of Warmaster Okawaru
  6196 | D:6      | Reached skill level 1 in Invocations
  6196 | D:6      | Reached XP level 9. HP: 29/71 MP: 9/9
  6278 | D:7      | Slain by an ogre

Illustrated notes

Levels and vault maps discovered:
D:1:      dpeg_arrival_pond, layout_basic, dreamdust_ecumenical_altar_statues,
          grunt_decor_arrowhead
D:2:      layout_basic, basic_altar, serial_shops, nicolae_lakefront_shop
D:3:      layout_loops_cross, nicolae_ru_sacrificial_ziggurat,
          chequers_serial_rivers_micro_d, hex_medium, uniq_terence
D:4:      layout_basic, serial_shops, nicolae_shop_hallway_plus, shop,
          nicolae_shop_trees, nicolae_square_shop, st_stairs_13
D:5:      layout_loops_ring, grunt_temple_overflow_opulence,
          mainiacjoe_overflow_brackets, kennysheep_little_box,
          nicolae_ossuary_entry_giza
D:6:      layout_rooms, minmay_temple_entry_drinking_statues, uniq_blork_the_orc
D:7:      layout_gridville, nicolae_kikubaaqudgha_miasma_corner, enter_bailey_2,
          minivault_11
Temple:   eino_temple_lava

Skill      XL: |  1  2  3  4  5  6  7  8 |
---------------+-------------------------+-----
Armour         | 4 5 6 |  6.5
Fighting       | 4 5 6 |  6.4
Axes           | 3 4 5 |  5.5
Shields        | 5 6 7 |  7.8
Invocations    | 1 |  1.0

Action                     |  1- 3 |  4- 6 |  7- 9 || total
---------------------------+-------+-------+-------++-------
  Melee: War axe           |    68 |   117 |   271 ||   456
    Use: Potion            |       |     4 |       ||     4
         Scroll            |       |     5 |    10 ||    15
 Armour: Scale mail        |    41 |    46 |    25 ||   112
         Skin              |       |    13 |       ||    13
         Chain mail        |       |       |    97 ||    97
  Dodge: Dodged            |    21 |    55 |   106 ||   182
  Block: Buckler           |    13 |    28 |    82 ||   123

Table legend: (Time is in decaauts)
 A = Elapsed time spent in this place.
 B = Non-inter-level travel time spent in this place.
 C = Inter-level travel time spent in this place.
 D = Time resting spent in this place.
 E = Time spent auto-exploring this place.
 F = Levels seen in this place.
 G = Mean time per level.
                   A        B        C        D        E       F      G
               +--------+--------+--------+--------+--------+-----+--------+
         Total |   6436 |   6185 |    251 |    219 |   4563 |   9 |  715.1 |
       Dungeon |   6086 |   5843 |    243 |    219 |   4398 |   7 |  869.4 |
        Temple |     16 |      8 |      8 |      0 |      0 |   1 |   16.0 |
       Ossuary |    332 |    332 |      0 |      0 |    165 |   1 |  332.0 |
               +--------+--------+--------+--------+--------+-----+--------+

Top non-repeatable levels by time:
     D:1: 1208 daAuts
     D:4: 1125 daAuts
     D:3: 1082 daAuts
     D:5: 1077 daAuts
     D:2: 843 daAuts
     D:6: 663 daAuts
 Ossuary: 332 daAuts
     D:7: 87 daAuts
  Temple: 16 daAuts
